TOP OF THE 1ST |
Trois-Riveres Aigles batting - Pitching for Canton Indians : LHP Tony Flores
|
Pitching: LHP Tony Flores
|
|
Batting: RHB Luis Jara
|
0-0: Called Strike 0-1: Called Strike 0-2: Fly out, F8 (Line Drive, 8LM, EV 105.6 MPH)
|
Batting: RHB Dave Valdez
|
0-0: Foul Ball, location: 2F 0-1: Ball 1-1: Ball 2-1: Called Strike 2-2: Strikes out swinging
|
Batting: RHB Kyler Seitz
|
0-0: Called Strike 0-1: Swinging Strike 0-2: Ball 1-2: Foul Ball, location: 2F 1-2: Ball 2-2: Ball 3-2: Fly out, F8 (Flyball, 8RXD, EV 90.0 MPH)
|
Top of the 1st over - 0 runs, 0 hits, 0 errors, 0 left on base; Trois-Riveres 0 - Canton 0 |
BOTTOM OF THE 1ST |
Canton Indians batting - Pitching for Trois-Riveres Aigles : LHP Joel Brown
|
Pitching: LHP Joel Brown
|
|
Batting: RHB Juan Ordonez
|
0-0: Ball 1-0: Ball 2-0: Ball 3-0: Called Strike 3-1: Base on Balls
|
Batting: RHB Aaron Stout
|
0-0: Called Strike Juan Ordonez steals 2nd base 0-1: Called Strike 0-2: Strikes out swinging
|
Batting: RHB Tacito Carreiro
|
0-0: Ball Juan Ordonez is caught stealing 3rd base 2-5 1-0: Swinging Strike 1-1: Foul Ball, location: 2F 1-2: Foul Ball, location: 2F 1-2: SINGLE (Groundball, 5D, EV 103.8 MPH)
|
Batting: RHB Adam McMillen
|
0-0: Ball 1-0: Swinging Strike 1-1: Foul Ball, location: 2F 1-2: 2-RUN HOME RUN (Flyball, 9LD, EV 93.1 MPH), Distance : 345 ft
|
Batting: LHB Sergei Stefanov
|
0-0: Ball 1-0: SINGLE (Groundball, 34D, EV 98.8 MPH)
|
Batting: RHB Leo Villa
|
0-0: Ball 1-0: Fielders Choice at 2nd, 5-4 (Groundball, 56, EV 90.0 MPH)
|
Bottom of the 1st over - 2 runs, 3 hits, 0 errors, 1 left on base; Trois-Riveres 0 - Canton 2 |
TOP OF THE 2ND |
Trois-Riveres Aigles batting - Pitching for Canton Indians : LHP Tony Flores
|
Batting: RHB Jon Gonzales
|
0-0: Ball 1-0: Ball 2-0: Called Strike 2-1: Ball 3-1: Foul Ball, location: 2F 3-2: Base on Balls
|
Batting: RHB Tim Dower
|
0-0: Grounds into double play, 3-6-1 (Groundball, 3, EV 91.9 MPH)
|
Batting: RHB Tony Bonilla
|
0-0: Ball 1-0: Bunt missed! 1-1: Fly out, F9 (Flyball, 89D, EV 82.5 MPH)
|
Top of the 2nd over - 0 runs, 0 hits, 0 errors, 0 left on base; Trois-Riveres 0 - Canton 2 |
BOTTOM OF THE 2ND |
Canton Indians batting - Pitching for Trois-Riveres Aigles : LHP Joel Brown
|
Batting: RHB Xavier Bartolani
|
0-0: Ball 1-0: Called Strike 1-1: Ball 2-1: Ball 3-1: Foul Ball, location: 2F 3-2: SOLO HOME RUN (Line Drive, 9LD, EV 95.6 MPH), Distance : 348 ft
|
Batting: RHB Jose Argueta
|
0-0: Ball 1-0: Foul Ball, location: 2F 1-1: SINGLE (Line Drive, 34D, EV 105.6 MPH)
|
Batting: RHB Tony Gonzales
|
0-0: Called Strike 0-1: Ball 1-1: Called Strike 1-2: Foul Ball, location: 2F 1-2: Strikes out swinging
|
Batting: RHB Juan Ordonez
|
0-0: Called Strike 0-1: Ball 1-1: Foul Ball, location: 2F 1-2: Grounds into double play, 4-6-3 (Groundball, 4, EV 109.4 MPH)
|
Bottom of the 2nd over - 1 run, 2 hits, 0 errors, 0 left on base; Trois-Riveres 0 - Canton 3 |
TOP OF THE 3RD |
Trois-Riveres Aigles batting - Pitching for Canton Indians : LHP Tony Flores
|
Batting: RHB Willie Acevedo
|
0-0: TRIPLE (Line Drive, 78XD, EV 108.8 MPH)
|
Batting: RHB Sandoval Serzedelo
|
0-0: 2-RUN HOME RUN (Flyball, 9D, EV 96.2 MPH), Distance : 392 ft
|
Batting: RHB Ben Saxton
|
0-0: Ball 1-0: Called Strike 1-1: Ball 2-1: Foul Ball, location: 2F 2-2: Ball 3-2: Foul Ball, location: 2F 3-2: Strikes out swinging
|
Batting: RHB Luis Jara
|
0-0: Called Strike 0-1: Ground out 5-3 (Groundball, 6MS, EV 75.0 MPH)
|
Batting: RHB Dave Valdez
|
0-0: Called Strike 0-1: Foul Ball, location: 2F 0-2: Foul Ball, location: 2F 0-2: Strikes out swinging
|
Top of the 3rd over - 2 runs, 2 hits, 0 errors, 0 left on base; Trois-Riveres 2 - Canton 3 |
BOTTOM OF THE 3RD |
Canton Indians batting - Pitching for Trois-Riveres Aigles : LHP Joel Brown
|
Batting: RHB Aaron Stout
|
0-0: Ball 1-0: Ground out U3 (Groundball, 3, EV 100.0 MPH)
|
Batting: RHB Tacito Carreiro
|
0-0: Ball 1-0: Ball 2-0: Ball 3-0: Called Strike 3-1: Foul Ball, location: 2F 3-2: Ground out 6-3 (Groundball, 6, EV 75.6 MPH)
|
Batting: RHB Adam McMillen
|
0-0: Swinging Strike 0-1: Foul Ball, location: 2F 0-2: Ball 1-2: Strikes out looking
|
Bottom of the 3rd over - 0 runs, 0 hits, 0 errors, 0 left on base; Trois-Riveres 2 - Canton 3 |
TOP OF THE 4TH |
Trois-Riveres Aigles batting - Pitching for Canton Indians : LHP Tony Flores
|
Batting: RHB Kyler Seitz
|
0-0: Foul Ball, location: 2F 0-1: Ball 1-1: Foul Ball, location: 2F 1-2: Ball 2-2: Foul Ball, location: 2F 2-2: Foul Ball, location: 2F 2-2: Ball 3-2: SINGLE (Flyball, 3D, EV 83.1 MPH)
|
Batting: RHB Jon Gonzales
|
0-0: Swinging Strike 0-1: Grounds into double play, 4-6-3 (Groundball, 4, EV 88.8 MPH)
|
Batting: RHB Tim Dower
|
0-0: Foul Ball, location: 2F 0-1: Swinging Strike 0-2: Ball 1-2: Strikes out looking
|
Top of the 4th over - 0 runs, 1 hit, 0 errors, 0 left on base; Trois-Riveres 2 - Canton 3 |
BOTTOM OF THE 4TH |
Canton Indians batting - Pitching for Trois-Riveres Aigles : LHP Joel Brown
|
Batting: LHB Sergei Stefanov
|
0-0: Foul Ball, location: 2F 0-1: Ball 1-1: Foul Ball, location: 2F 1-2: Foul Ball, location: 2F 1-2: Fly out, F8 (Flyball, 8RD, EV 90.6 MPH)
|
Batting: RHB Leo Villa
|
0-0: Called Strike 0-1: Ball 1-1: Swinging Strike 1-2: Foul Ball, location: 2F 1-2: Ball 2-2: Strikes out swinging
|
Batting: RHB Xavier Bartolani
|
0-0: Swinging Strike 0-1: Called Strike 0-2: Strikes out swinging
|
Bottom of the 4th over - 0 runs, 0 hits, 0 errors, 0 left on base; Trois-Riveres 2 - Canton 3 |
TOP OF THE 5TH |
Trois-Riveres Aigles batting - Pitching for Canton Indians : LHP Tony Flores
|
Batting: RHB Tony Bonilla
|
0-0: Called Strike 0-1: Foul Ball, location: 2F 0-2: Strikes out swinging
|
Batting: RHB Willie Acevedo
|
0-0: Called Strike 0-1: Ball 1-1: Swinging Strike 1-2: Strikes out swinging
|
Batting: RHB Sandoval Serzedelo
|
0-0: Called Strike 0-1: Ball 1-1: Foul Ball, location: 2F 1-2: Ball 2-2: Foul Ball, location: 2F 2-2: Strikes out swinging
|
Top of the 5th over - 0 runs, 0 hits, 0 errors, 0 left on base; Trois-Riveres 2 - Canton 3 |
BOTTOM OF THE 5TH |
Canton Indians batting - Pitching for Trois-Riveres Aigles : LHP Joel Brown
|
Batting: RHB Jose Argueta
|
0-0: Ball 1-0: Foul Ball, location: 2F 1-1: Ball 2-1: Foul Ball, location: 2F 2-2: Ball 3-2: Base on Balls
|
Batting: RHB Tony Gonzales
|
0-0: Fielders Choice at 2nd, 6-4 (Groundball, 56, EV 108.8 MPH)
|
Batting: RHB Juan Ordonez
|
0-0: Called Strike 0-1: Ball 1-1: Ball 2-1: Ball 3-1: Ground out 4-3 (Groundball, 13, EV 93.8 MPH) Tony Gonzales to second
|
Batting: RHB Aaron Stout
|
0-0: Ball 1-0: Ball 2-0: Ball 3-0: Called Strike 3-1: Foul Ball, location: 2F 3-2: Ground out 6-3 (Groundball, 6, EV 90.6 MPH)
|
Bottom of the 5th over - 0 runs, 0 hits, 0 errors, 1 left on base; Trois-Riveres 2 - Canton 3 |
TOP OF THE 6TH |
Trois-Riveres Aigles batting - Pitching for Canton Indians : LHP Tony Flores
|
Batting: RHB Ben Saxton
|
0-0: Ball 1-0: Ball 2-0: Swinging Strike 2-1: Swinging Strike 2-2: Strikes out swinging
|
Batting: RHB Luis Jara
|
0-0: Fly out, F8 (Flyball, 8RD, EV 101.9 MPH)
|
Batting: RHB Dave Valdez
|
0-0: Ball 1-0: Ground out 2-3 (Groundball, 2R, EV 63.8 MPH)
|
Top of the 6th over - 0 runs, 0 hits, 0 errors, 0 left on base; Trois-Riveres 2 - Canton 3 |
BOTTOM OF THE 6TH |
Canton Indians batting - Pitching for Trois-Riveres Aigles : LHP Joel Brown
|
Batting: RHB Tacito Carreiro
|
0-0: Called Strike 0-1: Foul Ball, location: 2F 0-2: Ball 1-2: SINGLE (Groundball, 6M, EV 98.1 MPH) (infield hit)
|
Batting: RHB Adam McMillen
|
0-0: Swinging Strike 0-1: Ball 1-1: Ball 2-1: SINGLE (Line Drive, 89S, EV 104.4 MPH) Tacito Carreiro to second
|
Batting: LHB Sergei Stefanov
|
0-0: 3-RUN HOME RUN (Flyball, 7LD, EV 93.8 MPH), Distance : 353 ft
|
Pitching: RHP Jose Arredondo
|
|
Batting: RHB Leo Villa
|
0-0: Ball 1-0: Called Strike 1-1: Ball 2-1: Foul Ball, location: 2F 2-2: Strikes out swinging
|
Batting: RHB Xavier Bartolani
|
0-0: Called Strike 0-1: Swinging Strike 0-2: Ball 1-2: Strikes out swinging, 2-3 out at first.
|
Batting: RHB Jose Argueta
|
0-0: Ball 1-0: Ball 2-0: Called Strike 2-1: SOLO HOME RUN (Flyball, 9LD, EV 95.6 MPH), Distance : 354 ft
|
Batting: RHB Tony Gonzales
|
0-0: Called Strike 0-1: Called Strike 0-2: Ball 1-2: Ball 2-2: Strikes out swinging
|
Bottom of the 6th over - 4 runs, 4 hits, 0 errors, 0 left on base; Trois-Riveres 2 - Canton 7 |
TOP OF THE 7TH |
Trois-Riveres Aigles batting - Pitching for Canton Indians : LHP Tony Flores
|
Now in LF: Juan Ordonez
|
|
Now in CF: George Wagner
|
|
Batting: RHB Kyler Seitz
|
0-0: Called Strike 0-1: Ball 1-1: Foul Ball, location: 2F 1-2: Ball 2-2: Fly out, F8 (Flyball, 8LD, EV 108.1 MPH)
|
Batting: RHB Jon Gonzales
|
0-0: Swinging Strike 0-1: Ball 1-1: Ball 2-1: Ball 3-1: SOLO HOME RUN (Flyball, 78XD, EV 115.6 MPH), Distance : 422 ft
|
Batting: RHB Tim Dower
|
0-0: Ball 1-0: Foul Ball, location: 2F 1-1: Ball 2-1: Called Strike 2-2: Strikes out looking
|
Batting: RHB Tony Bonilla
|
0-0: Ball 1-0: Ground out 5-3 (Groundball, 56S, EV 83.1 MPH)
|
Top of the 7th over - 1 run, 1 hit, 0 errors, 0 left on base; Trois-Riveres 3 - Canton 7 |
BOTTOM OF THE 7TH |
Canton Indians batting - Pitching for Trois-Riveres Aigles : RHP Jose Arredondo
|
Batting: RHB Juan Ordonez
|
0-0: Called Strike 0-1: Swinging Strike 0-2: Ball 1-2: Fly out, F2 (Popup, 2RF, EV 90.0 MPH)
|
Batting: RHB Aaron Stout
|
0-0: Called Strike 0-1: Fly out, F9 (Flyball, 9LS, EV 85.0 MPH)
|
Batting: RHB Tacito Carreiro
|
0-0: Ball 1-0: Swinging Strike 1-1: Foul Ball, location: 2F 1-2: Ball 2-2: Reached on error, E6 (Groundball, 6, EV 100.6 MPH)
|
Batting: RHB Adam McMillen
|
0-0: Foul Ball, location: 2F 0-1: Ball 1-1: Foul Ball, location: 2F 1-2: Strikes out swinging
|
Bottom of the 7th over - 0 runs, 0 hits, 1 error, 1 left on base; Trois-Riveres 3 - Canton 7 |
TOP OF THE 8TH |
Trois-Riveres Aigles batting - Pitching for Canton Indians : LHP Tony Flores
|
Now in LF: Mario Garza
|
|
Now in RF: Juan Ordonez
|
|
Batting: RHB Willie Acevedo
|
0-0: Called Strike 0-1: Called Strike 0-2: Strikes out swinging
|
Batting: RHB Sandoval Serzedelo
|
0-0: Foul Ball, location: 2F 0-1: Swinging Strike 0-2: Foul Ball, location: 2F 0-2: Ball 1-2: Ball 2-2: Strikes out swinging
|
Batting: RHB Ben Saxton
|
0-0: Foul Ball, location: 2F 0-1: Swinging Strike 0-2: Strikes out looking
|
Top of the 8th over - 0 runs, 0 hits, 0 errors, 0 left on base; Trois-Riveres 3 - Canton 7 |
BOTTOM OF THE 8TH |
Canton Indians batting - Pitching for Trois-Riveres Aigles : RHP Jose Arredondo
|
Batting: RHB George Wagner
|
0-0: Ball 1-0: Ball 2-0: Ball 3-0: Called Strike 3-1: Base on Balls
|
Batting: RHB Leo Villa
|
0-0: Called Strike 0-1: Called Strike 0-2: Foul Ball, location: 2F 0-2: Ball 1-2: Foul Ball, location: 2F 1-2: Fly out, F8 (Flyball, 8RD, EV 75.6 MPH)
|
Batting: LHB Mario Garza
|
0-0: Ball 1-0: Ball 2-0: Called Strike 2-1: Fielders Choice at 2nd, 2-4 (Groundball, 2L, EV 65.6 MPH)
|
Pitching: RHP Josh Carey
|
|
Batting: RHB Jose Argueta
|
0-0: Called Strike 0-1: Called Strike 0-2: Ground out 2-3 (Groundball, 13S, EV 73.1 MPH)
|
Bottom of the 8th over - 0 runs, 0 hits, 0 errors, 1 left on base; Trois-Riveres 3 - Canton 7 |
TOP OF THE 9TH |
Trois-Riveres Aigles batting - Pitching for Canton Indians : LHP Tony Flores
|
Pinch Hitting: SHB Omar Cervantes
|
0-0: Called Strike 0-1: Swinging Strike 0-2: Ball 1-2: Ball 2-2: Strikes out swinging
|
Batting: RHB Dave Valdez
|
0-0: Called Strike 0-1: Ball 1-1: Foul Ball, location: 2F 1-2: DOUBLE (Line Drive, 3D, EV 105.6 MPH)
|
Batting: RHB Kyler Seitz
|
0-0: Ball 1-0: Ball 2-0: Ball 3-0: Called Strike 3-1: Called Strike 3-2: Foul Ball, location: 2F 3-2: Base on Balls
|
Pitching: RHP Chris Gomez
|
|
Batting: RHB Jon Gonzales
|
0-0: Swinging Strike 0-1: Grounds into double play, 5-4-3 (Groundball, 5, EV 90.0 MPH)
|
Top of the 9th over - 0 runs, 1 hit, 0 errors, 1 left on base; Trois-Riveres 3 - Canton 7 |
|